 Dungeon Crawl Stone Soup version 0.28.0 (webtiles) character file.

Game seed: 2769210214010522883

125 GrayStillPlays the Skirmisher (level 4, -2/37 HPs)
             Began as a Demonspawn Fighter on Feb 13, 2022.
             Slain by a gnoll (3 damage)
             ... on level 3 of the Dungeon.
             The game lasted 00:02:32 (2261 turns).

GrayStillPlays the Skirmisher (Demonspawn Fighter)  Turns: 2261, Time: 00:02:33

Health: -2/37      AC: 13    Str: 19    XL:     4   Next: 82%
Magic:  4/4        EV:  7    Int:  9    God:
Gold:   73         SH:  4    Dex: 12    Spells: 3/3 levels left

rFire   . . .      SeeInvis .   a - +0 war axe {axe}
rCold   . . .      Faith    .   c - +0 buckler
rNeg    . . .      Spirit   .   j - +4 chain mail
rPois   .          Reflect  .   (helmet restricted)
rElec   .          Harm     .   (no cloak)
rCorr   .          Rampage  .   (no gloves)
Will    .....                   (no boots)
Stlth   ..........              (no amulet)
HPRegen 0.12/turn               g - ring of flight
MPRegen 0.18/turn               (no ring)

@: flying
A: antennae 1, magic regeneration
a: no special abilities


You were on level 3 of the Dungeon.
You visited 1 branch of the dungeon, and saw 3 of its levels.

You collected 73 gold pieces.


Innate Abilities, Weirdness & Mutations

You have a pair of small antennae on your head.
You regenerate magic rapidly.


   Skills:
 + Level 3.8 Fighting
 + Level 2.7 Axes
 + Level 3.3 Armour
 + Level 3.4 Shields


You had 3 spell levels left.
You didn't know any spells.
Your spell library was empty.

Inventory:

Hand Weapons
 a - a +0 war axe (weapon) {axe}
 u - a +1 vorpal flail {mace}
   (You took it off an orc on level 3 of the Dungeon)
Missiles
 e - 108 stones (quivered) {throwing}
 p - 2 javelins {throwing}
 q - 16 arrows
Armour
 b - a +0 scale mail
 c - a +0 buckler (worn)
 j - a +4 chain mail (worn)
   (You found it on level 1 of the Dungeon)
Jewellery
 g - a ring of flight (left hand)
   (You found it on level 1 of the Dungeon)
Scrolls
 f - 2 scrolls of teleportation {unknown}
 h - a scroll of enchant armour {unknown}
 k - a scroll of torment {unknown}
 l - 2 scrolls of identify {unknown}
 m - a scroll of vulnerability {unknown}
 r - a scroll of holy word {unknown}
 s - a scroll of blinking {unknown}
 t - a scroll of enchant weapon {unknown}
 v - a scroll of silence {unknown}
Potions
 d - a potion of might
 i - a potion of ambrosia {unknown}
 n - a potion of lignification {unknown}
 o - 3 potions of curing {unknown}

Dungeon Overview and Level Annotations

Branches:
Dungeon (3/15)

Altars:

.. # #. #.#.
####.#.##
#.......#
#.......###.###
#..#[#.g.......
#..#.##g#
#..#.##@#
#..#.##.#
#.......#
###..####
###.####
#......#
#.#.##.# ###
#.#.##.## # ..#
#.#.....# .#


You could see 2 gnolls.


Message History

No target in view!
No target in view!
Things that are here:
a +0 dagger {short}; an orc corpse; 😎 HP[+2]
Your hp is fully restored (37).
u - a +1 vorpal flail {mace}
Things that are here:
a +0 short sword {short}; a +0 ring mail; an orc corpse
Things that are here:
a +0 short sword {short}; a +0 ring mail; an orc corpse
Things that are here:
a +0 dagger {short}; an orc corpse You see here a +0 flail {mace}.
Things that are here:
a +0 dagger {short}; an orc corpse An adder comes into view.
The adder hisses angrily.
The adder barely misses you.
You hit the adder. The adder bites you but does no damage.
The adder completely misses you.
You slash the adder!
You kill the adder!
No target in view!
No target in view!
No target in view!
You see here an adder corpse.
Found a stone staircase leading up.
There is a stone staircase leading up here.
You see here a +0 hand axe {axe}.
v - a scroll labelled KOSANK BYPS No target in view!
A giant cockroach comes into view.
A giant cockroach is nearby!
The giant cockroach bites you but does no damage.
You slash the giant cockroach!
You kill the giant cockroach!
No target in view!
No target in view!
No target in view!
You see here a giant cockroach corpse.
f - 2 scrolls labelled WIUSIX YS CEMP (gained 1)
You see here a +0 robe.
Found a stone staircase leading down.
You now have 73 gold pieces (gained 7).
Key pressed, stopping explore.
No target in view!
o - 3 amethyst potions (gained 1)
A gnoll comes into view. It is wielding a +0 club.
Found a stone staircase leading down.
The gnoll shouts!
The gnoll moves out of view.
A gnoll comes into view. It is wielding a +0 spear.
There are monsters nearby!
A gnoll comes into view. It is wielding a +0 halberd.
The gnoll shouts!
You block the gnoll's attack.
There is a stone staircase leading down here.
You hit the gnoll. The gnoll misses you. The gnoll hits you but does no damage.
You hit the gnoll. The gnoll closely misses you.
The gnoll hits you from afar with a +0 spear. 😕 HP[-3]
You take 3 damage, and now have 34/37 hp.
You closely miss the gnoll. The gnoll hits you but does no damage.
The gnoll closely misses you.
The gnoll hits you but does no damage. x2
You slash the gnoll!
You kill the gnoll!
The gnoll hits you but does no damage. You block the gnoll's attack. 😕 HP[+1]
The gnoll hits you with a +0 halberd! The gnoll hits you with a +0 spear.
Things that are here:
a +0 club {mace}; a gnoll corpse; 😮 HP[-13]
You take 13 damage, and now have 22/37 hp.
MASSIVE DAMAGE!! (PAUSE)
The gnoll hits you from afar with a +0 halberd.
You block the gnoll's attack.
There is a stone staircase leading down here. 😮 HP[-1]
You take 1 damage, and now have 21/37 hp.
You block the gnoll's attack.
The gnoll hits you from afar with a +0 spear.
* * * LOW HITPOINT WARNING * * *
There is a stone staircase leading down here. 😨 HP[-3]
You take 3 damage, and now have 18/37 hp.
You slash the gnoll! The gnoll hits you with a +0 halberd!
* * * LOW HITPOINT WARNING * * *
The gnoll hits you from afar with a +0 spear.
* * * LOW HITPOINT WARNING * * *
You block the gnoll's attack. 😱 HP[-12]
You take 12 damage, and now have 6/37 hp.
MASSIVE DAMAGE!! (PAUSE)
You closely miss the gnoll. The gnoll barely misses you.
The gnoll hits you with a +0 halberd.
* * * LOW HITPOINT WARNING * * *
The gnoll hits you but does no damage. 😱 HP[-5]
You take 5 damage, and now have 1/37 hp.
You barely miss the gnoll. The gnoll hits you with a +0 halberd.
You die...

Skill      XL: |  1  2 |
---------------+-------+-----
Axes           | 2 |  2.7
Shields        | 3 |  3.4
Armour         | 3 |  3.3
Fighting       | |  3.8

Action                   |  1- 3 |  4- 6 || total
-------------------------+-------+-------++-------
Melee: War axe           |   100 |    57 ||   157
Armor: Scale mail        |    20 |       ||    20
       Chain mail        |    48 |    47 ||    95
Dodge: Dodged            |    31 |    28 ||    59
Block: Buckler           |    20 |    13 ||    33

Levels and vault maps discovered:
D:1:      zaba_arrival_water, layout_rooms, grunt_decor_arrowhead
D:2:      layout_rooms, basic_ecumenical_altar, minmay_tall_x, uniq_terence
D:3:      layout_loops_cross, lemuel_crystal_altar

Notes
Turn   | Place    | Note
-------+----------+-------------------------------------------
     0 | D:1      | GrayStillPlays the Demonspawn Fighter began the quest for
                  | the Orb.
     0 | D:1      | Reached XP level 1. HP: 18/18 MP: 1/1
     0 | D:1      | magus.rc [v1.9.6]
   113 | D:1      | Reached skill level 2 in Axes
   209 | D:1      | Gained mutation: You regenerate magic rapidly. [demonic
                  | ancestry]
   209 | D:1      | Reached XP level 2. HP: 23/24 MP: 2/2
   914 | D:2      | Reached skill level 3 in Shields
   935 | D:2      | Noticed Terence
   947 | D:2      | Killed Terence
   948 | D:2      | Reached skill level 3 in Armour
   948 | D:2      | Reached XP level 3. HP: 19/29 MP: 3/3
  1242 | D:2      | Gained mutation: You have a pair of small antennae on your
                  | head. [demonic ancestry]
  1242 | D:2      | Reached XP level 4. HP: 13/36 MP: 4/4
  1246 | D:2      | HP: 8/37 [goblin (2)]
  1760 | D:2      | Found a faded altar of an unknown god.
  2259 | D:3      | HP: 6/37 [gnoll (5)]
  2260 | D:3      | HP: 1/37 [gnoll (5)]
  2261 | D:3      | Slain by a gnoll

Vanquished Creatures
  Terence (D:2)
  3 adders
  A gnoll (D:3)
  A dart slug (D:1)
  5 orcs (D:3)
  7 endoplasms
  3 giant cockroaches
  4 goblins
  3 hobgoblins (D:2)
  4 jackals (D:2)
  2 quokkas
  5 ball pythons
  4 bats (D:1)
  A frilled lizard (D:2)
  5 kobolds
  4 rats
53 creatures vanquished.

Table legend:
 A = Non-vault XP
 B = Vault XP
 C = Vault XP percentage of total XP
 D = Non-vault monster count
 E = Vault monster count
 F = Vault count percentage of total count
                 A         B        C        D         E       F
            +---------+---------+-------+---------+---------+-------
      Total |     113 |      66 |  36.9 |      48 |       5 |   9.4
            +---------+---------+-------+---------+---------+-------
        D:1 |      31 |       0 |   0.0 |      18 |       0 |   0.0
        D:2 |      36 |      66 |  64.7 |      21 |       5 |  19.2
        D:3 |      46 |       0 |   0.0 |       9 |       0 |   0.0
            +---------+---------+-------+---------+---------+-------

Illustrated notes

Table legend:
 A = Kills in this place as a percentage of kills in entire the game.
 B = Kills by you in this place as a percentage of kills by you in the entire game.
 C = Kills by friends in this place as a percentage of kills by friends in the entire game.
 D = Other kills in this place as a percentage of other kills in the entire game.
 E = Experience gained in this place as a percentage of experience gained in the entire game.
 F = Experience gained in this place divided by the number of levels of this place that you have seen.
                   A       B       C       D       E      F
               +-------+-------+-------+-------+-------+----------------------
         Total | 100.0 | 100.0 |   N/A |   N/A | 100.0 |  59.7
       Dungeon | 100.0 | 100.0 |   N/A |   N/A | 100.0 |  59.7
               +-------+-------+-------+-------+-------+----------------------

Table legend: (Time is in decaauts)
 A = Elapsed time spent in this place.
 B = Non-inter-level travel time spent in this place.
 C = Inter-level travel time spent in this place.
 D = Time resting spent in this place.
 E = Time spent auto-exploring this place.
 F = Levels seen in this place.
 G = Mean time per level.
                   A        B        C        D        E       F      G
               +--------+--------+--------+--------+--------+-----+--------+
         Total |   2332 |   2299 |     33 |      0 |   1896 |   3 |  777.3 |
       Dungeon |   2332 |   2299 |     33 |      0 |   1896 |   3 |  777.3 |
               +--------+--------+--------+--------+--------+-----+--------+

Top non-repeatable levels by time:
     D:2: 1022 daAuts
     D:1: 918 daAuts
     D:3: 392 daAuts
